 Dungeon Crawl Stone Soup version 0.28.0-43-g3370ac3207 (webtiles) character file.

Game seed: 12917960577938559015

46 zeratav the Sneak (level 3, -4/16 HPs)
             Began as a Spriggan Enchanter on Mar 31, 2022.
             Slain by a goblin
             ... wielding a +0 club
             ... led by Robin
              (5 damage)
             ... on level 2 of the Dungeon.
             The game lasted 00:11:16 (2551 turns).

zeratav the Sneak (Spriggan Enchanter)              Turns: 2551, Time: 00:11:17

Health: -4/16      AC:  2    Str:  4    XL:     3   Next: 46%
Magic:  4/8        EV: 17    Int: 18    God:
Gold:   53         SH:  0    Dex: 15    Spells: 6/8 levels left

rFire   . . .      SeeInvis +   a - +1 dagger
rCold   . . .      Faith    .   (no shield)
rNeg    . . .      Spirit   .   b - +0 robe
rPois   .          Reflect  .   (helmet restricted)
rElec   .          Harm     .   (no cloak)
rCorr   .          Rampage  .   (gloves unavailable)
Will    .....                   (boots unavailable)
Stlth   +++.......              (no amulet)
HPRegen 0.05/turn               (no ring)
MPRegen 0.11/turn               (no ring)

@: invisible, very quick
A: very small, no large weapons, unfitting armour, see invisible, speed 3
a: no special abilities


You were on level 2 of the Dungeon.
You visited 1 branch of the dungeon, and saw 2 of its levels.

You collected 53 gold pieces.

Inventory:

Hand Weapons
 a - a +1 dagger (weapon)
Armour
 b - a +0 robe (worn)
Magical Staves
 e - a staff of air
Wands
 d - a wand of iceblast (10)
Scrolls
 g - 2 scrolls of identify {unknown}
Potions
 f - a potion of attraction {unknown}


   Skills:
 + Level 1.2 Short Blades
 + Level 2.7 Dodging
 + Level 5.1 Stealth
 + Level 3.1 Spellcasting
 + Level 4.4 Hexes
 + Level 0.7 Ice Magic


You had 6 spell levels left.
You knew the following spells:

 Your Spells              Type           Power      Damage    Failure   Level
a - Ensorcelled Hibernat  Hex/Ice        24%        N/A       9%          2

Your spell library contained the following spells:

 Spells                   Type           Power      Damage    Failure   Level
 Confusing Touch          Hex            19%        N/A       8%          3
 Tukima's Dance           Hex            19%        N/A       8%          3
 Freeze                   Ice            20%        1d4       12%         1
 Dazzling Flash           Conj/Hex       20%        N/A       19%         3
 Frozen Ramparts          Ice            10%        1d3       34%         3
 Hailstorm                Conj/Ice       4%         3d4       80%         4


Dungeon Overview and Level Annotations

Branches:
Dungeon (2/15)

Altars:

Shops:
D:2 [

Annotations:
D:2 Robin


Innate Abilities, Weirdness & Mutations

You are very small and have problems with some larger weapons.
You are too small for most types of armour.
You have supernaturally acute eyesight. (SInv)
You cover ground extremely quickly. (Speed+++)


Message History

The goblin hits something with a +0 dagger.
A goblin comes into view. It is wielding a +0 dagger.
The hobgoblin completely misses something.
Robin throws the goblin at you!
Casting: Ensorcelled Hibernation (safe; 9% risk of failure)
Confirm with . or Enter, or press ? or * to list all spells.
Aiming: Ensorcelled Hibernation (safe; 9% risk of failure)
Press: ? - help, Shift-Dir - straight line, f - goblin
Aim: a goblin, wielding a +0 dagger (chance to affect: 63%)
The goblin resists with significant effort.
Robin roars a battlecry!
The goblins go into a battle-frenzy!
The goblin completely misses you.
Casting: Ensorcelled Hibernation (safe; 9% risk of failure)
Confirm with . or Enter, or press ? or * to list all spells.
Aiming: Ensorcelled Hibernation (safe; 9% risk of failure)
Press: ? - help, Shift-Dir - straight line, f/p - goblin
Aim: a goblin, wielding a +0 dagger (strong, chance to affect: 63%)
The goblin resists with significant effort.
The goblin barely misses you. x2
You completely miss the goblin. The goblin hits you but does no damage.
The goblin hits you with a +0 dagger.
You barely miss the goblin. The goblin barely misses you.
The goblin hits you with a +0 club. The goblin hits you with a +0 dagger.
* * * LOW HITPOINT WARNING * * *
Aiming: Iceblast
Press: ? - help, Q - select action, (/) - cycle Shift-Dir - straight line, f/p - goblin
Aim: a goblin, wielding a +0 dagger (strong) That beam is likely to hit you.
Continue anyway? [Y]es or [N]o only, please.
That beam is likely to hit you.
Continue anyway?
Okay, then.
Aiming: Iceblast
Press: ? - help, Q - select action, (/) - cycle Shift-Dir - straight line, f - goblin, p - goblin
Aim: a goblin, wielding a +0 dagger (strong) That beam is likely to hit you.
Continue anyway?
Okay, then.
You fade into invisibility!
The goblin hits you with a +0 club.
You die...

##......##.##.†.......
..............#.......
###.######...##.......
#...# ###.##....... #.###
#...# #.# ###.### #.# #...#
..### ###g# ....# #@#######
.##.## #ggwg...# ###..####
#gg≈≈....# #
##....#######Pg≈≈≈≈....# #
####......#P.P≈≈≈≈....# #
######.#g≈g≈≈≈≈≈...# #
#...≈♣≈♣≈≈≈≈..# #
###.P.≈≈≈♣≈≈≈≈....
##########....≈≈≈♣g♣♣≈≈≈..#


You could see a worm, Robin, a hobgoblin (strong) and 7 goblins.

Vanquished Creatures
  2 adders (D:2)
  2 ball pythons (D:2)
  2 bats
  3 endoplasms
  2 giant cockroaches
  3 goblins
  A hobgoblin (D:1)
  A kobold (D:1)
  2 quokkas (D:1)
  2 frilled lizards (D:2)
  6 rats
26 creatures vanquished.

Vanquished Creatures (others)
  57 plants (D:2)
57 creatures vanquished.

Grand Total: 83 creatures vanquished

Notes
Turn   | Place    | Note
-------+----------+-------------------------------------------
     0 | D:1      | zeratav the Spriggan Enchanter began the quest for the Orb.
     0 | D:1      | Reached XP level 1. HP: 9/9 MP: 5/5
   897 | D:1      | Reached XP level 2. HP: 10/13 MP: 6/6
   900 | D:1      | Learned a level 2 spell: Ensorcelled Hibernation
   988 | D:1      | Found a faded altar of an unknown god.
  1728 | D:2      | Found Raames's Antique Armour Boutique.
  1734 | D:2      | Reached skill level 5 in Stealth
  1734 | D:2      | Reached XP level 3. HP: 6/16 MP: 1/8
  2156 | D:2      | Noticed Robin
  2551 | D:2      | Slain by a goblin

Illustrated notes

Levels and vault maps discovered:
D:1:      minmay_arrival_pointy, layout_loops_ring, serial_forest,
          infiniplex_forest_end_1, infiniplex_forest_side_room,
          infiniplex_forest_straight_2, infiniplex_forest_zigzag_1,
          infiniplex_forest_zigzag_2, hellmonk_ecumenical_altar_run_dry,
          feat_on_display
D:2:      layout_rooms, serial_shops, nicolae_shop_trees, serial_bayou_lagoon_a,
          minmay_unequal, uniq_robin

Skill      XL: |  1  2 |
---------------+-------+-----
Spellcasting   | 3 |  3.1
Hexes          | 4 |  4.4
Stealth        | 5 |  5.1
Short Blades   | |  1.2
Dodging        | |  2.7
Ice Magic      | |  0.7

Action                   || total
-------------------------++-------
Melee: Dagger            ||    48
 Cast: Ensorcelled Hiber ||    24
  Use: Scroll            ||     3
       Potion            ||     1
 Stab: Sleeping          ||    20
Armor: Robe              ||     4
Dodge: Dodged            ||    27
